 Dungeon Crawl Stone Soup version 0.31.0-32-g396128a36d (webtiles) character file.

Game seed: 12184080733452826014

288 AdnanSaban the Shield-Bearer (level 6, 0/38 HPs)
             Began as a Gargoyle Fighter on Apr 17, 2024.
             Slain by a hound (4 damage)
             ... on level 5 of the Dungeon.
             The game lasted 00:02:45 (2758 turns).

AdnanSaban the Shield-Bearer (Gargoyle Fighter)     Turns: 2758, Time: 00:02:46

Health: 0/38       AC: 16    Str: 21    XL:     6   Next: 31%
Magic:  6/6        EV:  8    Int:  9    God:
Gold:   187        SH:  4    Dex:  9    Spells: 5/5 levels left

rFire   . . .        a - +0 flail
rCold   . . .        c - +0 buckler
rNeg    + + .        m - +0 chain mail
rPois   ∞            (no helmet)
rElec   +            (no cloak)
rCorr   .            t - +1 pair of gloves
SInv    .            (no boots)
Will    +....        j - amulet of the acrobat Stlth
                     q - ring of positive energy
HPRegen 0.26/turn    s - ring of willpower
MPRegen 0.10/turn

%: acrobat
@: no status effects
A: sickness immunity, AC +4, negative energy resistance 1, electricity
resistance, torment resistance 1, petrification resistance
a: no special abilities


You were on level 5 of the Dungeon.
You visited 1 branch of the dungeon, and saw 5 of its levels.

You collected 187 gold pieces.

Inventory:

Hand Weapons
 a - a +0 flail (weapon)
Armour
 c - a +0 buckler (worn)
 m - a +0 chain mail (worn)
 t - a +1 pair of gloves (worn)
Jewellery
 j - an amulet of the acrobat (around neck)
 q - a ring of positive energy (left hand)
 s - a ring of willpower (right hand)
Scrolls
 e - 4 scrolls of identify {unknown}
 f - 2 scrolls of teleportation {unknown}
 k - a scroll of enchant armour {unknown}
 l - a scroll of poison {unknown}
 n - a scroll of noise {unknown}
 r - a scroll of blinking {unknown}
 u - a scroll of immolation {unknown}
 w - a scroll of summoning {unknown}
 x - a scroll of vulnerability {unknown}
Potions
 b - a potion of lignification {unknown}
 d - a potion of might
 h - 3 potions of brilliance {unknown}
 i - a potion of cancellation {unknown}
 o - 5 potions of curing {unknown}
 p - a potion of invisibility {unknown}
 v - 2 potions of berserk rage {unknown}


   Skills:
 + Level 4.1 Fighting
 + Level 4.0 Maces & Flails
 + Level 1.0 Throwing
 + Level 4.4 Armour
 + Level 0.6 Dodging
 + Level 0.1 Stealth
 + Level 4.5 Shields


You had 5 spell levels left.
You didn't know any spells.
Your spell library contained the following spells:

 Spells                   Type           Power      Damage    Failure   Level
 Magic Dart               Conj           0%         1d3       97%         1
 Sandblast                Erth           0%         2d4       97%         1
 Slow                     Hex            0%         N/A       97%         1
 Jinxbite                 Hex            0%         N/A       99%         2
 Searing Ray              Conj           0%         2d4       99%         2
 Confusing Touch          Hex            0%         N/A       100%        3
 Passwall                 Erth           0%         N/A       100%        3
 Sigil of Binding         Hex            0%         N/A       100%        3
 Stone Arrow              Conj/Erth      0%         3d7       100%        3
 Vampiric Draining        Necr           0%         2d6       100%        3
 Brom's Barrelling Bould  Conj/Erth      0%         2d3       100%        4
 Fulminant Prism          Conj/Alch      0%         3d5       100%        4
 Yara's Violent Unravell  Hex/Alch       0%         3d3       100%        5
 Enfeeble                 Hex            0%         N/A       100%        7


Dungeon Overview and Level Annotations

Branches:
Dungeon (4/15)
 Temple: D:4-7

Altars:

Annotations:
D:5 Prince Ribbit


Innate Abilities, Weirdness & Mutations

You are immune to sickness and miasma.
Your stone body is resilient. (AC +4)
You are immune to poison.
You resist negative energy. (rN+)
You are resistant to electric shocks. (rElec)
You are resistant to unholy torment.
You are immune to petrification.


Message History

You kill the ribbon worm!
Prince Ribbit hops awkwardly around.
A hound comes into view.
The black bear barely misses you. You block the black bear's attack. x2
Prince Ribbit blinks!
Your Throwing skill increases to level 1!
The black bear attacks as it pursues you!
The black bear completely misses you. The black bear closely misses you.
The black bear claws you.
* * * LOW HITPOINT WARNING * * *
You see here a ribbon worm corpse.
The black bear attacks as it pursues you!
The black bear bites you but does no damage.
The black bear misses you. You block the black bear's attack.
The black bear attacks as it pursues you!
The black bear misses you. x2; The black bear completely misses you.
The black bear attacks as it pursues you!
The black bear bites you but does no damage.
The black bear misses you. The black bear completely misses you.
The hound attacks as it pursues you! You block the hound's attack.
An ogre comes into view. It is wielding a +0 giant club.
The hound bites you but does no damage.
The ogre shouts!
The hound misses you. The hound attacks as it pursues you! The hound bites you.
* * * LOW HITPOINT WARNING * * *
The hound attacks as it pursues you! The hound completely misses you. x2
Found a stone staircase leading up.
The hound closely misses you.
The hound pauses to sniff the ground.
The hound attacks as it pursues you! The hound completely misses you.
Found a stone staircase leading down.
The hound attacks as it pursues you! The hound bites you but does no damage.
A jelly comes into view.
The jelly quivers.
The hound completely misses you.
You sock the jelly!
Your hands burn!
* * * LOW HITPOINT WARNING * * *
The jelly is severely wounded.
The hound bites you.
You die...

##. ..... .. #.. .....
.. ##..# ...... #.
#....## ...... .##
.....##..... ..#
......... #.# #.J.#.#...
#(# ##.@......# #.#
##.h.......# #†##
#..#........ #..##
####.#.........
....#.h###.Fh.#.........
...h##.#..O##########..#
..(. #......# ##>## ..#
.(.. #......# 8...8 .#
.... #......# ....#


You could see Prince Ribbit, a black bear, an ogre, a hound and a jelly.

Vanquished Creatures
  2 bombardier beetles (D:4)
  A jelly (D:5)
  A sleepcap (D:3)
  An iguana (D:4)
  6 adders
  2 dart slugs
  A ribbon worm (D:5)
  4 orcs (D:3)
  4 endoplasms
  2 giant cockroaches
  7 goblins
  5 hobgoblins
  10 jackals
  11 kobolds
  2 quokkas (D:2)
  7 ball pythons
  8 bats
  A frilled lizard (D:3)
  9 rats
84 creatures vanquished.

Notes
Turn   | Place    | Note
-------+----------+-------------------------------------------
     0 | D:1      | AdnanSaban the Gargoyle Fighter began the quest for the
                  | Orb.
     0 | D:1      | Reached XP level 1. HP: 14/14 MP: 1/1
   107 | D:1      | Reached XP level 2. HP: 19/19 MP: 2/2
   392 | D:2      | Reached XP level 3. HP: 23/23 MP: 3/3
   641 | D:2      | Reached XP level 4. HP: 27/29 MP: 4/4
  1570 | D:3      | Found a faded altar of an unknown god.
  1913 | D:3      | Reached XP level 5. HP: 33/33 MP: 5/5
  2526 | D:4      | Reached XP level 6. HP: 32/38 MP: 6/6
  2697 | D:4      | You fall into a shaft and drop 1 floor!
  2697 | D:5      | Entered Level 5 of the Dungeon
  2732 | D:5      | Noticed a black bear
  2733 | D:5      | Noticed Prince Ribbit
  2744 | D:5      | Reached skill level 1 in Throwing
  2758 | D:5      | Slain by a hound

Illustrated notes

Levels and vault maps discovered:
D:1:      eino_arrival_tree_alley, layout_basic
D:2:      layout_basic, minivault_25
D:3:      layout_loops_ring, serial_aquarium, aquarium_bridge_square
          [aquarium_subvault_bridge, aquarium_subvault_bridge,
          aquarium_subvault_wall, aquarium_subvault_balcony], aquarium_window_1,
          aquarium_window_corridor_2, aquarium_view_2d, aquarium_balcony_3a,
          aquarium_pool_side, ebering_ecumenical_altar_petrified
D:4:      layout_rooms
D:5:      layout_rooms, nicolae_overflow_hidden_temple,
          nicolae_underground_beach, uniq_prince_ribbit1, uniq_menkaure

Skill      XL: |  1  2  3  4  5  6 |
---------------+-------------------+-----
Maces & Flails | 3 4 |  4.0
Armour         | 4 |  4.4
Shields        | 4 |  4.5
Fighting       | 4 |  4.1
Throwing       | 1 |  1.0
Dodging        | |  0.6
Stealth        | |  0.1

Action                     |  1- 3 |  4- 6 || total
---------------------------+-------+-------++-------
  Melee: Flail             |   130 |   191 ||   321
  Throw: Dart              |       |     4 ||     4
 Armour: Scale mail        |   111 |       ||   111
         Chain mail        |       |   158 ||   158
  Dodge: Dodged            |   100 |   107 ||   207
  Block: Buckler           |    35 |    47 ||    82
